 Dungeon Crawl Stone Soup version 0.31-a0-876-gfe8ebadbca (webtiles) character file.

Game seed: 8008528319420251648

949 pascalblue the Destroyer (level 7, 0/36 HPs)
             Began as a Deep Elf Conjurer on Oct 12, 2023.
             Slain by an unseen horror (2 damage)
             ... on level 5 of the Dungeon on Oct 13, 2023.
             The game lasted 00:12:04 (4955 turns).

pascalblue the Destroyer (Deep Elf Conjurer)        Turns: 4955, Time: 00:12:04

Health: 0/36       AC:  2    Str:  4    XL:     7   Next: 89%
Magic:  12/19      EV: 12    Int: 25    God:
Gold:   269        SH:  0    Dex: 13    Spells: 9/20 levels left

rFire   + . .        p - +2 quarterstaff (chaos)
rCold   + . .        (shield currently unavailable)
rNeg    . . .        a - +0 robe
rPois   .            (no helmet)
rElec   .            g - scarf {rC+ rF+}
rCorr   .            (no gloves)
SInv    +            (no boots)
Will    .....        (no amulet)
Stlth   ++           f - ring of see invisible
HPRegen 0.26/turn    (no ring)
MPRegen 0.16/turn

%: no passive effects
@: about to teleport
A: no striking features
a: no special abilities


You were on level 5 of the Dungeon.
You visited 1 branch of the dungeon, and saw 5 of its levels.

You collected 269 gold pieces.

Inventory:

Hand Weapons
 h - a +0 dagger
 i - a +0 dagger of venom
 p - a +2 quarterstaff of chaos (weapon)
 t - a +2 dagger of draining
Armour
 a - a +0 robe (worn)
 g - a scarf of resistance (worn)
 q - a +2 cloak
Magical Staves
 j - a staff of poison
Jewellery
 f - a ring of see invisible (left hand)
 u - a +4 ring of slaying
Talismans
 n - a blade talisman
Scrolls
 c - 4 scrolls of identify
 d - a scroll of blinking
 s - a scroll of amnesia
Potions
 b - a potion of magic
 e - a potion of enlightenment
 k - 2 potions of invisibility {unknown}
 m - 2 potions of curing
 o - a potion of lignification
 r - a potion of haste


   Skills:
 - Level 2.4 Dodging
 - Level 2.4 Stealth
 + Level 7.2 Spellcasting
 * Level 9.0 Conjurations
 + Level 1.9 Hexes
 + Level 1.4 Translocations


You had 9 spell levels left.
You knew the following spells:

 Your Spells              Type           Power      Damage    Failure   Level
a - Magic Dart            Conj           100%       1d8       1%          1
b - Searing Ray           Conj           100%       2d8       1%          2
c - Fulminant Prism       Conj/Hex       18%        3d11      7%          4
d - Iskenderun's Mystic   Conj/Tloc      35%        2d8       8%          4

Your spell library contained the following spells:

 Spells                   Type           Power      Damage    Failure   Level
 Dazzling Flash           Conj/Hex       72%        N/A       1%          3
 Summon Forest            Summ/Tloc      6%         N/A       80%         5
 Eringya's Noxious Bog    Tmut/Pois      4%         4d6       100%        6
 Summon Hydra             Summ           4%         N/A       100%        7


Dungeon Overview and Level Annotations

Branches:
Dungeon (5/15)
 Temple: D:4-7

Altars:
Ashenzari

Shops:
D:1 :   D:3 ?


Message History

The unseen horror closely misses you. x2
Casting: Searing Ray (safe; 1% risk of failure)
Confirm with . or Enter, or press ? or * to list all spells.
Aiming: Magic Dart (safe; 1% risk of failure)
Press: ? - help, Shift-Dir - straight line, f/p - unseen horror
Aim: an unseen horror (moderately wounded, slightly transparent, 100% to hit)
The magic dart hits the unseen horror but does no damage.
The unseen horror is moderately wounded.
The unseen horror hits you!
Casting: Magic Dart (safe; 1% risk of failure)
Confirm with . or Enter, or press ? or * to list all spells.
Aiming: Magic Dart (safe; 1% risk of failure)
Press: ? - help, Shift-Dir - straight line, f/p - unseen horror
Aim: an unseen horror (moderately wounded, slightly transparent, 100% to hit)
The magic dart hits the unseen horror but does no damage.
The unseen horror is moderately wounded.
The unseen horror hits you!
Casting: Magic Dart (safe; 1% risk of failure)
Confirm with . or Enter, or press ? or * to list all spells.
Aiming: Magic Dart (safe; 1% risk of failure)
Press: ? - help, Shift-Dir - straight line, f/p - unseen horror
Aim: an unseen horror (moderately wounded, slightly transparent, 100% to hit)
The magic dart hits the unseen horror but does no damage.
The unseen horror is moderately wounded.
The unseen horror closely misses you.
Casting: Magic Dart (safe; 1% risk of failure)
Confirm with . or Enter, or press ? or * to list all spells.
Aiming: Magic Dart (safe; 1% risk of failure)
Press: ? - help, Shift-Dir - straight line, f/p - unseen horror
Aim: an unseen horror (moderately wounded, slightly transparent, 100% to hit)
The magic dart hits the unseen horror but does no damage.
The unseen horror is moderately wounded.
The unseen horror hits you!
* * * LOW HITPOINT WARNING * * *
As you read the scroll of teleportation, it crumbles to dust.
You feel strangely unstable. The unseen horror barely misses you.
Found 8 stones.
The unseen horror hits you!
* * * LOW HITPOINT WARNING * * *
The unseen horror hits you.
You die...

#.P.._..P..........
#.P.....P..........###
##.P.PPP.P.............
................# .....
#.PP.PPPP......##.....
##.....(....)...'...(..
........##......#......
########)#####..x.......
.#....##)# #..@.......
.#.##.##)# #......####
..<....#)# #........#
########.# #..........
...).....# #............
########## #..........##
#..........#
###........#


You could see an unseen horror (invisible).

Vanquished Creatures
  Sigmund (D:5)
  A black bear (D:4)
  An ogre (D:4)
  A phantom (D:4)
  2 scorpions (D:4)
  2 orc priests (D:5)
  Crazy Yiuf (D:2)
  A sleepcap (D:5)
  Jessica (D:2)
  2 orc wizards
  7 gnolls
  5 adders
  A white imp (D:4)
  An ufetubus (D:5)
  A dart slug (D:1)
  6 orcs
  7 ball pythons
  12 endoplasms
  3 giant cockroaches
  4 goblins
  14 hobgoblins
  5 jackals
  7 kobolds
  6 bats
  4 frilled lizards
  5 rats
101 creatures vanquished.

Notes
Turn   | Place    | Note
-------+----------+-------------------------------------------
     0 | D:1      | pascalblue the Deep Elf Conjurer began the quest for the
                  | Orb.
     0 | D:1      | Reached XP level 1. HP: 10/10 MP: 6/6
   316 | D:1      | Reached XP level 2. HP: 15/15 MP: 1/8
   599 | D:1      | Reached skill level 5 in Conjurations
   691 | D:1      | Found a faded altar of an unknown god.
   721 | D:1      | Found Eppebon's Book Boutique.
   846 | D:1      | Upgraded the game from 0.31-a0-875-g02e7d12df6 to
                  | 0.31-a0-876-gfe8ebadbca
   939 | D:2      | Reached XP level 3. HP: 15/19 MP: 6/10
   942 | D:2      | Learned a level 2 spell: Searing Ray
  1270 | D:2      | You fall into a shaft and drop 1 floor!
  1300 | D:3      | Reached XP level 4. HP: 24/24 MP: 6/12
  1688 | D:2      | Reached skill level 6 in Conjurations
  1798 | D:2      | Noticed Jessica
  1800 | D:2      | Killed Jessica
  1986 | D:2      | Reached XP level 5. HP: 28/28 MP: 12/14
  2334 | D:2      | Found a runed translucent door.
  2335 | D:2      | Noticed Crazy Yiuf
  2340 | D:2      | Killed Crazy Yiuf
  2755 | D:3      | Reached skill level 5 in Spellcasting
  2985 | D:3      | Found Vytzilin's Magic Scroll Boutique.
  3376 | D:4      | Reached skill level 7 in Conjurations
  3378 | D:4      | Reached XP level 6. HP: 32/32 MP: 6/16
  3722 | D:4      | Reached skill level 8 in Conjurations
  3979 | D:4      | Reached XP level 7. HP: 36/36 MP: 13/18
  4567 | D:5      | Entered Level 5 of the Dungeon
  4718 | D:5      | Noticed Sigmund
  4740 | D:5      | Learned a level 4 spell: Fulminant Prism
  4745 | D:5      | Learned a level 4 spell: Iskenderun's Mystic Blast
  4839 | D:5      | Reached skill level 1 in Hexes
  4875 | D:5      | Found a broken altar of Ashenzari.
  4881 | D:5      | Noticed an unseen horror
  4882 | D:5      | Killed Sigmund
  4883 | D:5      | Reached skill level 9 in Conjurations
  4883 | D:5      | Reached skill level 1 in Translocations
  4953 | D:5      | HP: 1/36 [unseen horror (9)]
  4955 | D:5      | Slain by an unseen horror

Illustrated notes

Levels and vault maps discovered:
D:1:      denvon_arrival_planthouse, layout_basic,
          hellmonk_ecumenical_altar_prayer_group, serial_shops,
          nicolae_shop_temple_entry_statues_fountains
D:2:      layout_loops_corners, uniq_jessica, uniq_crazy_yiuf_cottage
D:3:      layout_basic, serial_shops, shop
D:4:      layout_basic
D:5:      layout_basic, mainiacjoe_overflow_cross_hatched,
          gammafunk_ghost_smash, uniq_menkaure, uniq_sigmund

Skill      XL: |  1  2  3  4  5  6  7 |
---------------+----------------------+-----
Conjurations   | 5 6 7 8 9 |  9.0
Spellcasting   | 4 5 6 7 |  7.2
Hexes          | 1 |  1.9
Translocations | 1 |  1.4
Dodging        | |  2.4
Stealth        | |  2.4

Action                     |  1- 3 |  4- 6 |  7- 9 || total
---------------------------+-------+-------+-------++-------
  Melee: Unarmed           |     1 |       |       ||     1
         Staff             |       |     1 |       ||     1
   Cast: Magic Dart        |    53 |    87 |    41 ||   181
         Searing Ray       |     1 |     8 |     8 ||    17
    Use: Scroll            |       |     9 |     1 ||    10
 Armour: Robe              |     2 |    16 |    11 ||    29
  Dodge: Dodged            |     1 |     9 |     6 ||    16

Table legend: (Time is in decaauts)
 A = Elapsed time spent in this place.
 B = Non-inter-level travel time spent in this place.
 C = Inter-level travel time spent in this place.
 D = Time resting spent in this place.
 E = Time spent auto-exploring this place.
 F = Levels seen in this place.
 G = Mean time per level.
                   A        B        C        D        E       F      G
               +--------+--------+--------+--------+--------+-----+--------+
         Total |   4951 |   4816 |    135 |    228 |   3995 |   5 |  990.2 |
       Dungeon |   4951 |   4816 |    135 |    228 |   3995 |   5 |  990.2 |
               +--------+--------+--------+--------+--------+-----+--------+

Top non-repeatable levels by time:
     D:2: 1255 daAuts
     D:4: 1226 daAuts
     D:3: 1146 daAuts
     D:1: 935 daAuts
     D:5: 387 daAuts
